 Dungeon Crawl Stone Soup version 0.31-a0-702-gf82c85558f (webtiles) character file.

Game seed: 12243953050289127314

77 Essalna the Conjurer (level 4, -2/30 HPs)
             Began as a Demonspawn Conjurer on Sept 8, 2023.
             Slain by an orc
             ... wielding a +0 flail
              (8 damage)
             ... on level 2 of the Dungeon.
             The game lasted 00:02:12 (1261 turns).

Essalna the Conjurer (Demonspawn Conjurer)          Turns: 1261, Time: 00:02:12

Health: -2/30      AC:  3    Str:  7    XL:     4   Next: 13%
Magic:  7/8        EV: 12    Int: 21    God:
Gold:   173        SH:  0    Dex: 14    Spells: 6/9 levels left

rFire   . . .        f - +0 hand axe
rCold   . . .        (no shield)
rNeg    . . .        a - +0 robe
rPois   .            o - +0 helmet
rElec   .            (no cloak)
rCorr   .            (no gloves)
SInv    .            (no boots)
Will    .....        e - amulet of magic regeneration
Stlth   +++          i - ring of wizardry
HPRegen 0.25/turn    (no ring)
MPRegen 0.62/turn

%: wizardry (x1)
@: no status effects
A: thin skeletal structure 1, magic regeneration
a: no special abilities


You were on level 2 of the Dungeon.
You visited 1 branch of the dungeon, and saw 3 of its levels.

You collected 173 gold pieces.

Inventory:

Hand Weapons
 f - a +0 hand axe (weapon)
Armour
 a - a +0 robe (worn)
 o - a +0 helmet (worn)
Jewellery
 e - an amulet of magic regeneration (around neck)
 i - a ring of wizardry (left hand)
Scrolls
 c - 3 scrolls of acquirement {unknown}
 d - 2 scrolls of teleportation {unknown}
 g - 2 scrolls of poison {unknown}
 h - a scroll of noise {unknown}
 k - 3 scrolls of fear {unknown}
 l - a scroll of enchant armour {unknown}
 n - a scroll of butterflies {unknown}
Potions
 b - a potion of magic
 j - a potion of curing {unknown}
 m - 2 potions of mutation {unknown}


   Skills:
 - Level 1.7 Dodging
 - Level 1.7 Stealth
 + Level 3.2 Spellcasting
 + Level 4.9 Conjurations


You had 6 spell levels left.
You knew the following spells:

 Your Spells              Type           Power      Damage    Failure   Level
a - Magic Dart            Conj           96%        1d7       1%          1
b - Searing Ray           Conj           48%        2d6       1%          2

Your spell library contained the following spells:

 Spells                   Type           Power      Damage    Failure   Level
 Necrotise                Necr           12%        1d4       5%          1
 Dazzling Flash           Conj/Hex       26%        N/A       6%          3
 Vampiric Draining        Necr           3%         2d6       16%         3
 Fulminant Prism          Conj/Hex       6%         3d7       19%         4
 Iskenderun's Mystic Bla  Conj/Tloc      13%        2d5       19%         4
 Agony                    Necr           3%         N/A       78%         5


Dungeon Overview and Level Annotations

Branches:
Dungeon (3/15)

Altars:


Innate Abilities, Weirdness & Mutations

You have a somewhat thin skeletal structure. (Dex +2, Stealth+)
You regenerate magic rapidly.


Message History

The orc hits you with a +0 short sword. The orc misses you.
The magic dart hits the orc.
The orc is lightly wounded.
The orc hits you with a +0 flail. The orc barely misses you.
The orc closely misses you.
The magic dart hits the orc but does no damage.
The orc is lightly wounded.
The orc hits you with a +0 dagger. The orc hits you but does no damage.
The orc closely misses you.
The magic dart hits the orc but does no damage.
The orc is lightly wounded.
The orc barely misses you. The orc closely misses you.
The orc hits you with a +0 flail.
You are too injured to fight recklessly!
You are too injured to fight recklessly!
The orc hits you with a +0 short sword. The orc hits you with a +0 dagger.
* * * LOW HITPOINT WARNING * * *
The orc closely misses you.
You climb upwards.
There is a stone staircase leading down here.
Casting: Magic Dart (safe; 1% risk of failure)
Confirm with . or Enter, or press ? or * to list all spells.
Aiming: Magic Dart (safe; 1% risk of failure)
Press: ? - help, Shift-Dir - straight line, f - orc
Aim: an orc, wielding a +0 dagger (100% to hit)
The magic dart hits the orc.
The orc is heavily wounded.
The orc closely misses you. The orc misses you.
The orc hits you but does no damage.
Casting: Magic Dart (safe; 1% risk of failure)
Confirm with . or Enter, or press ? or * to list all spells.
Aiming: Magic Dart (safe; 1% risk of failure)
Press: ? - help, Shift-Dir - straight line, f/p - orc
Aim: an orc, wielding a +0 dagger (heavily wounded, 100% to hit)
The magic dart hits the orc.
You kill the orc!
The orc closely misses you. The orc hits you with a +0 short sword.
* * * LOW HITPOINT WARNING * * *
The orc hits you with a +0 flail!
You die...

.#####+## ........#
........#########
................#
........#.#.....##
.###...[..#<##...#
[..#....†.#.###..##
...#..†...#.###..o#
...######....>..@>#
...# #.#.###)#o#
...# #.#.# #.#.#
..)# #.#.# #.#.#
...# #.#.# #.#†#
...# #.#.# #.#.#
...# #.#.###.#.#
#### #.#.....#.#
#.#######.#


You could see 2 orcs.

Vanquished Creatures
  3 adders (D:2)
  A worm (D:2)
  2 dart slugs (D:1)
  An orc (D:2)
  An endoplasm (D:1)
  5 goblins
  4 hobgoblins
  3 jackals (D:1)
  2 quokkas (D:1)
  6 ball pythons
  3 bats (D:1)
  A frilled lizard (D:2)
  3 kobolds
  7 rats
42 creatures vanquished.

Notes
Turn   | Place    | Note
-------+----------+-------------------------------------------
     0 | D:1      | Essalna the Demonspawn Conjurer began the quest for the
                  | Orb.
     0 | D:1      | Reached XP level 1. HP: 13/13 MP: 3/3
   265 | D:1      | Gained mutation: You regenerate magic rapidly. [demonic
                  | ancestry]
   265 | D:1      | Reached XP level 2. HP: 19/19 MP: 3/5
   586 | D:1      | Learned a level 2 spell: Searing Ray
   690 | D:1      | Reached XP level 3. HP: 24/24 MP: 4/7
  1162 | D:2      | Gained mutation: You have a somewhat thin skeletal
                  | structure. (Dex +2, Stealth+) [demonic ancestry]
  1162 | D:2      | Reached XP level 4. HP: 30/30 MP: 6/8
  1261 | D:2      | Slain by an orc

Illustrated notes

Levels and vault maps discovered:
D:1:      dpeg_arrival_simpleton_c, layout_loops_cross, hangedman_decor_points
D:2:      layout_basic, chequers_decorated_corner
D:3:      minmay_skewed_foursquare, layout_basic,
          dreamdust_ecumenical_altar_hidden_monk_grotto

Skill      XL: |  1  2  3 |
---------------+----------+-----
Spellcasting   | 3 |  3.2
Dodging        | |  1.7
Stealth        | |  1.7
Conjurations   | |  4.9

Action                     |  1- 3 |  4- 6 || total
---------------------------+-------+-------++-------
  Melee: Hand axe          |     5 |       ||     5
   Cast: Magic Dart        |    79 |     9 ||    88
         Searing Ray       |     1 |       ||     1
 Armour: Robe              |    12 |    10 ||    22
  Dodge: Dodged            |    13 |    10 ||    23

Table legend: (Time is in decaauts)
 A = Elapsed time spent in this place.
 B = Non-inter-level travel time spent in this place.
 C = Inter-level travel time spent in this place.
 D = Time resting spent in this place.
 E = Time spent auto-exploring this place.
 F = Levels seen in this place.
 G = Mean time per level.
                   A        B        C        D        E       F      G
               +--------+--------+--------+--------+--------+-----+--------+
         Total |   1261 |   1238 |     23 |      0 |   1044 |   3 |  420.3 |
       Dungeon |   1261 |   1238 |     23 |      0 |   1044 |   3 |  420.3 |
               +--------+--------+--------+--------+--------+-----+--------+

Top non-repeatable levels by time:
     D:1: 796 daAuts
     D:2: 458 daAuts
     D:3: 6 daAuts
